 Dungeon Crawl Stone Soup version 0.28.0-53-g5a82cb258f (webtiles) character file.

Game seed: 10519324514514377203

2 Sin92 the Insei (level 1, -2/15 HPs)
             Began as a Demonspawn Transmuter on July 15, 2022.
             Slain by a quokka (4 damage)
             ... on level 1 of the Dungeon.
             The game lasted 00:00:44 (552 turns).

Sin92 the Insei (Demonspawn Transmuter)              Turns: 552, Time: 00:00:45

Health: -2/15      AC:  2    Str: 10    XL:     1   Next: 33%
Magic:  3/3        EV: 12    Int: 14    God:
Gold:   32         SH:  0    Dex: 13    Spells: 3/4 levels left

rFire   . . .      SeeInvis .     - Unarmed
rCold   . . .      Faith    .   (no shield)
rNeg    . . .      Spirit   .   a - +0 robe
rPois   .          Reflect  .   (no helmet)
rElec   .          Harm     .   (no cloak)
rCorr   .          Rampage  .   (no gloves)
Will    .....                   (no boots)
Stlth   +.........              (no amulet)
HPRegen 0.05/turn               (no ring)
MPRegen 0.08/turn               (no ring)

@: no status effects
A: no striking features
a: no special abilities


You were on level 1 of the Dungeon.
You visited 1 branch of the dungeon, and saw 1 of its levels.

You collected 32 gold pieces.

Inventory:

Armour
 a - a +0 robe (worn)
Scrolls
 b - a scroll of teleportation {unknown}
 e - a scroll of fear {unknown}
 f - a scroll of identify {unknown}
Potions
 c - 2 potions of curing {unknown}
 d - a potion of invisibility {unknown}


   Skills:
 + Level 1.0 Fighting
 + Level 0.1 Armour
 + Level 1.8 Dodging
 - Level 2.6 Unarmed Combat
 + Level 2.0 Spellcasting
 + Level 1.8 Transmutations


You had 3 spell levels left.
You knew the following spells:

 Your Spells              Type           Power      Damage    Failure   Level
a - Beastly Appendage     Tmut           12%        N/A       11%         1

Your spell library contained the following spells:

 Spells                   Type           Power      Damage    Failure   Level
 Wereblood                Tmut           6%         N/A       17%         2
 Spider Form              Tmut/Pois      4%         N/A       43%         3
 Ice Form                 Ice/Tmut       4%         N/A       85%         4


Dungeon Overview and Level Annotations

Branches:
Dungeon (1/15)

Altars:


Message History

The quokka twitches its whiskers.
The quokka closely misses you. The hobgoblin barely misses you.
There are monsters nearby!
You hit the hobgoblin but do no damage. You punch the hobgoblin.
The hobgoblin is severely wounded.
The quokka barely misses you. The hobgoblin barely misses you.
The quokka bites you.
Unknown command.
There are monsters nearby!
You hit the hobgoblin.
The hobgoblin is almost dead.
The hobgoblin barely misses you. The quokka bites you.
There are monsters nearby!
You are too injured to fight recklessly!
Unknown command.
There are monsters nearby!
You are too injured to fight recklessly!
Unknown command.
There are monsters nearby!
You are too injured to fight recklessly!
Unknown command.
There are monsters nearby!
You are too injured to fight recklessly!
You barely miss the hobgoblin. Your punch misses the hobgoblin.
The hobgoblin is almost dead.
The hobgoblin misses you. The quokka closely misses you.
You barely miss the hobgoblin. You punch the hobgoblin.
You kill the hobgoblin!
The quokka closely misses you. The quokka barely misses you.
You see here a hobgoblin corpse.
You barely miss the quokka. The quokka bites you.
* * * LOW HITPOINT WARNING * * *
You barely miss the quokka.
The quokka bites you but does no damage.
The quokka misses you.
You barely miss the quokka. The quokka barely misses you.
You miss the quokka. The quokka closely misses you.
You barely miss the quokka. The quokka bites you.
You die...

### . ..# .. #.# #### ..###.#
#... ....# #####.. #...
######..##...... #...
#....#......###.# .# #... ##
#..#.....@....#..##.# #...
##P.#..##....r....##.#..
##... ###.PP#.....#.#.....#
...###....
....P≈≈...##..#.....#
#..##.....
≈≈≈≈P#......##.....#
#..##.###.
PPP.P#.###..##.#######..#..#
#. ####P #.# ##.##..##
#.....## ##
#.#####.####..##..####.##..##
#
#.........##..###..#...##...#
#


You could see a quokka.

Vanquished Creatures
  2 hobgoblins (D:1)
2 creatures vanquished.

Notes
Turn   | Place    | Note
-------+----------+-------------------------------------------
     0 | D:1      | Sin92 the Demonspawn Transmuter began the quest for the
                  | Orb.
     0 | D:1      | Reached XP level 1. HP: 15/15 MP: 3/3
   552 | D:1      | Slain by a quokka

Illustrated notes

Levels and vault maps discovered:
D:1:      scummos_arrival_simple_fountains, layout_rooms,
          shapermc_ecumenical_altar_hornbeckon, serial_shops, shop

Action                   || total
-------------------------++-------
Melee: Unarmed           ||    17
       Punch             ||     3
 Cast: Beastly Appendage ||     1
Armor: Robe              ||     2
Dodge: Dodged            ||    15
